[Event "*** Titled Tuesday 3|2 Blitz"]
[Site "Chess.com"]
[Date "2017.06.06"]
[Round "10"]
[White "Fins0905"]
[Black "djano"]
[Result "0-1"]
[WhiteElo "2378"]
[BlackElo "2346"]
[TimeControl "180+2"]
[EndTime "16:03:38 PDT"]
[Termination "djano won by resignation"]

1. d4 e6 2. c4 d5 3. Nc3 Nf6 4.
cxd5 Nxd5 5. e4 Nxc3 6. bxc3 c5 7. a3 cxd4 8. cxd4 e5 9. d5 Bc5 10. Nf3 O-O 11. Be2 Bg4 12. O-O Nd7 13. Rb1 b6 14. a4 h6 15. Nd2 Bxe2 16. Qxe2 Rc8 17. Qa6 Rc7 18. Bb2 Qh4 19. Rbe1 Rfc8 20. a5 Bd6 21. axb6 axb6 22. Ba3 Nb8 23. Qa4 Bxa3 24. Qxa3 Rc2 25. Nf3 Qf4 26. Qe7 f6 27. d6 Qg4 28. Qb7 Qd7 29.
Qxb6 Kh8 30. Rd1 Re2 31. Rc1 Nc6 32. Rfd1 Rxe4 33. g3 Rb4 34. Qc5 Rb3 35. Qd5 Rb6 36. Nh4 Qg4 37. f3 Qd7 38. Ng6+ Kh7 39. Qd3 Kg8 40.
Nh4 Nd4 41. Rxc8+ Qxc8 42. f4 Rxd6 43. fxe5 fxe5 44. Nf3 Qc5 45. Kg2 Qd5 46. Qe3 Rf6 47. Rxd4 exd4 48. Qd3 Qf5 49. Qb3+ Kh8 50. h3 Qe4 51. Qa3 d3 52. Qa8+ Qxa8 0-1

[Event "*** Titled Tuesday 3|2 Blitz"]
[Site "Chess.com"]
[Date "2017.06.06"]
[Round "10"]
[White "metalbattler"]
[Black "Blitzstream"]
[Result "0-1"]
[WhiteElo "2035"]
[BlackElo "2466"]
[TimeControl "180+2"]
[EndTime "16:03:45 PDT"]
[Termination "Blitzstream won by resignation"]

1. e4 e6 2. Nc3 d5 3. Nf3 Nf6 4.
e5 Nfd7 5. d4 c5 6. dxc5 Nc6 7.
Bf4 Bxc5 8. Bd3 f6 9. exf6 Qxf6 10. Bg3 O-O 11. O-O Nd4 12. Nxd4 Bxd4 13. Qe2 a6 14. Rae1 Nc5 15. Be5 Bxe5 16. Qxe5 Qxe5 17. Rxe5 b5 18. Rfe1 b4 19. Ne2 Bd7 20. Nd4 Rf4 21. Nb3 Nxb3 22. axb3 a5 23. Ra1 Kf7 24. g3 Rf6 25. f4 Ke7 26. Kf2 g6 27. Ke3 Kd6 28. Kd4 Rff8 29. h4 a4 30. bxa4 Rxa4 31. Rxa4 Bxa4 32.
h5 Be8 33. Re1 gxh5 34. Bxh7 Rh8 35. Bd3 Rg8 36. Re3 Bf7 37. Be2 Rc8 38. Bd1 Bg6 39. Rb3 Rc4+ 40. Ke3 Kc5 41. c3 d4+ 42. cxd4+ Rxd4 43. Be2 Bc2 44. Rd3 Bxd3 45. Bxd3 b3 46. Be2 Rd5 47. Bf3 Rf5 48. Kd3 Kb4 49. Bb7 h4 50. gxh4 Rxf4 51. h5 Rf2 52. Bc8 Rxb2 53. Bxe6 Rh2 54.
Bf7 Ka3 55. Ke3 b2 56. Bg6 Rxh5 0-1

[Event "*** Titled Tuesday 3|2 Blitz"]
[Site "Chess.com"]
[Date "2017.06.06"]
[Round "10"]
[White "northridgehawk"]
[Black "Pierrebl"]
[Result "0-1"]
[WhiteElo "2125"]
[BlackElo "2542"]
[TimeControl "180+2"]
[EndTime "16:03:52 PDT"]
[Termination "Pierrebl won by resignation"]

1. e4 c5 2. Nf3 Nc6 3. Bb5 g6 4.
O-O Bg7 5. Nc3 Nf6 6. e5 Ng4 7.
Bxc6 dxc6 8. Re1 O-O 9. h3 Nh6 10. d3 Nf5 11. Ne4 b6 12. Bg5 h6 13. Bf4 Nd4 14.
Nxd4 Qxd4 15. c3 Qd5 16. Qd2 g5 17. Bg3 Bf5 18. Rad1 Rad8 19. Qe2 Qxa2 20. Ra1 Qd5 21. Rxa7 Qxd3 22. Qxd3 Rxd3 23. Rxe7 Bxe4 24. Rxe4 Rd1+ 25. Kh2 Rd2 26. b4 cxb4 27. Rxb4 b5 28. Rc7 Re8 29. Rxc6 Bxe5 30. Rxb5 Bxg3+ 31. Kxg3 Rd3+ 32. f3 Kg7 33. Rf5 Re7 34. c4 Rd2 35. Kg4 Rxg2+ 36. Kh5 Rg3 37. h4 Rh3 38. Kg4 Rxh4+ 39. Kg3 Rd4 40. Rd5 Rxd5 41.
cxd5 Re2 42. Kg4 Rd2 43. Rd6 Rd4+ 44. Kg3 f6 45. Rd8 Kg6 46. Rh8 Rxd5 47. Rg8+ Kf5 48. Rh8 Kg6 49. Rg8+ Kf7 50. Rh8 Kg7 51. Re8 Rd4 52.
Re7+ Kg6 53. Re8 h5 54. Rh8 h4+ 55. Kg2 Rd2+ 56. Kg1 Kf5 57. Rh6 Ra2 58. Kf1 Ra6 59. Kf2 Kf4 60. Kg2 Ra2+ 61. Kg1 f5 62. Rg6 Ra3 63.
Kg2 Rxf3 0-1

[Event "*** Titled Tuesday 3|2 Blitz"]
[Site "Chess.com"]
[Date "2017.06.06"]
[Round "10"]
[White "Ind1anStar"]
[Black "yian123"]
[Result "1/2-1/2"]
[WhiteElo "2314"]
[BlackElo "2392"]
[TimeControl "180+2"]
[EndTime "16:03:54 PDT"]
[Termination "Game drawn by repetition"]

1. e4 e5 2. Nf3 Nc6 3. d4 exd4 4.
Nxd4 Bb4+ 5. c3 Bc5 6. Be3 Bb6 7. Nd2 Nf6 8. Bd3 O-O 9. O-O d5 10. Nxc6 bxc6 11. Bxb6 axb6 12. Qe2 Bg4 13. f3 dxe4 14. Nxe4 Bh5 15. Rad1 Bg6 16. Nxf6+ Qxf6 17. Bxg6 hxg6 18. Rd7 Rxa2 19. Rxc7 Qd6 20. Rb7 b5 21. Rd1 Qc5+ 22. Kh1 Qxc3 23. Qe7 Qd2 24. Re1 Raa8 25. b4 Qd8 26.
Qc5 Re8 27. Rg1 Rc8 28. Ra7 Re2 29. Ra6 Qe8 30. Qc3 Re3 31. Qd4 Re1 32. Ra1 Rxg1+ 33. Rxg1 Rd8 34. Qc3 Qe7 35. Rc1 Rd6 36. h3 Qd7 37.
Qc2 Rd4 38. Qb3 Qd6 39. Rb1 g5 40. Qa3 Rd1+ 41. Rxd1 Qxd1+ 42. Kh2 Qd6+ 43. Kh1 Kh7 44. Qc3 f6 45. Qc2+ Kg8 46. Qb3+ Kf8 47. Qc3 Ke7 48.
Qe3+ Kf7 49. Qa7+ Kg6 50. Qa3 Qd1+ 51. Kh2 Qe2 52. Qa8 Qe5+ 53. Kh1 Qe1+ 54. Kh2 Qe6 55. Qd8 Kf7 56. Qc7+ Kg8 57. Qd8+ Kh7 58. Qd2 Qe7 59. Qc2+ Kh8 60. Qxc6 Qxb4 61. Qe8+ Kh7 62. Qh5+ Kg8 63. Qe8+ Kh7 64. Qh5+ Kg8 65. Qe8+ Kh7 1/2-1/2

[Event "*** Titled Tuesday 3|2 Blitz"]
[Site "Chess.com"]
[Date "2017.06.06"]
[Round "10"]
[White "mwpchess"]
[Black "Margency"]
[Result "1-0"]
[WhiteElo "2495"]
[BlackElo "2538"]
[TimeControl "180+2"]
[EndTime "16:04:00 PDT"]
[Termination "mwpchess won by resignation"]

1. e4 d5 2. exd5 Qxd5 3. Nc3 Qd6 4. d4 Nf6 5. Nf3 c6 6. h3 Bf5 7. Ne5 Nbd7 8. Nc4 Qc7 9. Qf3 Bxc2 10. Bf4 Qd8 11. Qe2 Nb6 12. Nd6+ Kd7 13. Nxf7 Qe8 14. Ne5+ Kc8 15. Qxc2 e6 16. O-O-O Bb4 17. Nc4 Nfd5 18. Nd6+ Bxd6 19. Bxd6 a5 20. Be5 Nb4 21.
Qb3 N6d5 22. a3 Nxc3 23. bxc3 Nd5 24. c4 a4 25. Qg3 Ne7 26. Bd3 Rf8 27. Bd6 Rf7 28.
Rhe1 Qd7 29. Bc5 b6 30. Bxe7 Qxe7 31. Bc2 Ra5 32. Qe3 Rf6 33. f3 Kb7 34. Kb2 h5 35.
Qc3 h4 36. Re5 Ra8 37. d5 cxd5 38. Rdxd5 Rc8 39. Rb5 Qc7 40. Be4+ Ka6 41. Rb4 Qd7 42. Bc2 Rf4 43. Rxa4+ Kb7 44. Rb4 Kc7 45. Re4 Rf5 46.
Rd4 Qe7 47. Bxf5 exf5 48. Rd2 Kb7 49. Qd4 Rc7 50. Qd5+ Kc8 51. Rxb6 Qf6+ 52. Rxf6 1-0

[Event "*** Titled Tuesday 3|2 Blitz"]
[Site "Chess.com"]
[Date "2017.06.06"]
[Round "10"]
[White "Keranke"]
[Black "GMHess"]
[Result "1-0"]
[WhiteElo "2679"]
[BlackElo "2630"]
[TimeControl "180+2"]
[EndTime "16:04:15 PDT"]
[Termination "Keranke won by resignation"]

1. d4 Nf6 2. Nf3 e6 3. Bf4 d5 4. e3 Be7 5. Bd3 Nh5 6. Be5 Nd7 7. Nbd2 Nxe5 8. dxe5 g6 9. c3 c6 10. Qc2 Qc7 11.
g4 Ng7 12. h4 Bd7 13. h5 O-O-O 14. O-O-O Rdg8 15. c4 Kb8 16. Kb1 Ne8 17. Rc1 gxh5 18. gxh5 h6 19. e4 d4 20. c5 Rg2 21. Nb3 Bg5 22.
Rcd1 Be3 23. Rhf1 Bf4 24. Nbxd4 Bxe5 25. Nxe5 Qxe5 26. Ne2 Bc8 27. Bc4 Nf6 28. Ng3 Rg8 29. Qd3 R8xg3 30. Qd8 Rg8 31. Qe7 Nxe4 32. Qxf7 Qf5 33.
Qxf5 exf5 34. Bxg8 Rxg8 35. Rg1 Rh8 36. f3 Ng5 37.
Rd6 f4 38. Rf6 a5 39. Rf1 Ne6 40. Rg1 Nd4 41. Rf1 Bf5+ 42. Kc1 Ne2+ 43. Kd2 Ng3 44. Re1 Bc8 45. Re5 Nxh5 46. Rxh5 Rd8+ 47. Kc2 Rd4 48. Rf8 Kc7 49. Kc3 Rd1 50. Rxh6 Rc1+ 51. Kd4 Rd1+ 52. Ke4 Rc1 53. Rh7+ Bd7 54. Rff7 Rd1 55.
Kxf4 Kd8 56. Rxd7+ Rxd7 57. Rxd7+ Kxd7 58. Ke5 Ke7 59. f4 a4 60. f5 a3 61. bxa3 Kd7 62. Kf6 Ke8 63. Kg7 1-0

[Event "*** Titled Tuesday 3|2 Blitz"]
[Site "Chess.com"]
[Date "2017.06.06"]
[Round "10"]
[White "Squirlolz"]
[Black "kleinebeer98"]
[Result "0-1"]
[WhiteElo "2349"]
[BlackElo "2467"]
[TimeControl "180+2"]
[EndTime "16:04:35 PDT"]
[Termination "kleinebeer98 won by resignation"]

1. e4 e5 2. Nf3 Nc6 3. Bb5 f5 4.
d3 fxe4 5. dxe4 Nf6 6. O-O d6 7. Nc3 Be7 8. a3 O-O 9. Bc4+ Kh8 10. Ng5 Qe8 11. Ne6 Bxe6 12. Bxe6 Nd4 13. Ba2 Qg6 14. f3 c6 15. Be3 Bd8 16. Ne2 Nxe2+ 17. Qxe2 Bb6 18.
Rad1 Rad8 19. Bxb6 axb6 20. Qe3 b5 21. Qb6 Nh5 22.
Qxb7 d5 23. Qc7 Nf4 24. g3 Ne2+ 25. Kg2 Rde8 26. Rf2 dxe4 27. Qd6 exf3+ 28. Rxf3 Qe4 29. Qd3 Qxd3 30. Rdxd3 Nc1 31. Rxf8+ Rxf8 32. Rd1 Nxa2 33. Ra1 Rd8 34. Rxa2 Rd2+ 35. Kf3 Rxc2 36. a4 bxa4 37. Rxa4 h6 38. h4 Rxb2 39. Rc4 Rb3+ 40. Kg4 Rb6 41. Kf5 Rb3 42. g4 Rf3+ 43. Kxe5 Rh3 44. h5 Rg3 45.
Kf5 Rf3+ 46. Ke5 Rf6 47. Rd4 Kh7 48. Rd7 Rf1 49. Rd4 Rc1 50. Kf5 c5 51. Rd5 c4 52. Rc5 c3 53. Ke4 c2 54. Kd3 Rg1 55.
Rxc2 Rxg4 56. Ke3 Rg5 57. Rh2 Kg8 58. Kf4 Kf7 59. Rh3 Kf6 60. Rh2 Ra5 61. Rh1 Ra4+ 62.
Kf3 Kf5 63. Rh2 Ra3+ 64. Kg2 Ra2+ 0-1

[Event "*** Titled Tuesday 3|2 Blitz"]
[Site "Chess.com"]
[Date "2017.06.06"]
[Round "10"]
[White "axvesik"]
[Black "Schemato"]
[Result "0-1"]
[WhiteElo "2313"]
[BlackElo "2305"]
[TimeControl "180+2"]
[EndTime "16:04:44 PDT"]
[Termination "Schemato won by resignation"]

1. e4 e6 2. d4 d5 3. e5 b6 4. c3 Qd7 5. Nf3 Ne7 6. Bd3 Ba6 7.
O-O Bxd3 8. Qxd3 c5 9. a3 c4 10.
Qe2 Nbc6 11. Nbd2 Na5 12. Ne1 h5 13. f4 g6 14. Nef3 Nf5 15. Ng5 Be7 16. Ndf3 Nb3 17. Rb1 h4 18. Be3 Kf8 19. Bf2 Kg7 20. Qe1 Bxg5 21.
Nxg5 Rh5 22. Qe2 Qe7 23. Be3 Rah8 24. Kf2 Kf8 25. Rh1 Ke8 26. Rbg1 Kd7 27. Qf3 Kc7 28. Ke1 Kb7 29. Bf2 Nc1 30. Kd2 Nd3 31. Be3 Rxg5 32.
fxg5 Nxb2 33. g4 hxg3 34. hxg3 Rf8 35. g4 Nxe3 36. Qxe3 Qxa3 37. Ra1 Qe7 38. Rh7 Nd3 39. Qf3 Qxg5+ 40. Ke2 Nf4+ 41. Kd1 a5 42. Kc2 Ka6 43.
Rf1 Nd3 44. Rb1 a4 45. Rh2 b5 46. Rh7 a3 47. Ra1 Kb6 48. Rxf7 Rxf7 49. Qxf7 Qxg4 50. Qf1 Qe4 51. Kd2 g5 52. Qe2 Qf4+ 53. Kc2 g4 54. Rxa3 g3 55. Ra1 Nf2 56. Rg1 Qf5+ 57. Kb2 Ne4 58.
Rf1 Qg5 59. Rg1 Kc6 60. Qg2 Qe3 61. Rc1 Qf2+ 62. Qxf2 gxf2 63. Rf1 Kb6 64. Ka3 Ka5 65. Kb2 b4 66. cxb4+ Kxb4 67. Kc2 c3 68. Kd3 Kb3 69. Rb1+ Ka2 70. Rf1 Kb2 0-1

[Event "*** Titled Tuesday 3|2 Blitz"]
[Site "Chess.com"]
[Date "2017.06.06"]
[Round "10"]
[White "igorkovalenko"]
[Black "jcibarra"]
[Result "0-1"]
[WhiteElo "2640"]
[BlackElo "2665"]
[TimeControl "180+2"]
[EndTime "16:05:03 PDT"]
[Termination "jcibarra won by resignation"]

1. c4 e5 2. Nc3 Nf6 3. Nf3 d6 4.
g3 g6 5. Bg2 Bg7 6. O-O O-O 7.
d3 Nc6 8. Rb1 a5 9. a3 Re8 10.
Bg5 h6 11. Bxf6 Bxf6 12. Nd2 Bg7 13. b4 axb4 14. axb4 e4 15. Nd5 exd3 16. exd3 Nd4 17. Re1 Rxe1+ 18. Qxe1 Be6 19. Nf4 Bc8 20. b5 c6 21.
bxc6 bxc6 22. Nf3 Ra2 23. Qe3 c5 24. Nd5 Kh7 25. Rf1 Be6 26. Nf4 Bf5 27. h4 Qd7 28. h5 g5 29. Nd5 Qe6 30. Rd1 Bg4 31. Rf1 Bxh5 32. Nh2 Be2 33. Rb1 Qxe3 34. fxe3 Bxd3 35.
Rb7 Ne2+ 36. Kh1 Nxg3+ 37. Kg1 Bxc4 38. Ne7 Bf6 39. Ng4 Bxe7 40. Rxe7 Be6 41. Nf6+ Kg6 42.
Ne8 c4 43. Nxd6 c3 44. Rc7 c2 45. Kh2 Nf5 46. Nxf5 Bxf5 47. e4 Be6 48. Kg3 Kf6 49. Rc5 Bb3 50. e5+ Ke6 51. Bh3+ Ke7 52. Bf5 Ra1 53.
Rc7+ Kf8 54. Rc8+ Kg7 55. Bxc2 Bxc2 56. Rxc2 Re1 57. Rc5 Kg6 58. Kg4 Re4+ 59. Kf3 Rf4+ 60. Kg3 Kf5 61. Rb5 Re4 62. e6+ Kxe6 63. Rb6+ Kf5 64.
Rxh6 Re3+ 65. Kf2 Ra3 66. Rb6 Ra4 67. Kg3 Ra3+ 68. Kg2 f6 69. Rc6 g4 70. Rc8 Kf4 71. Rc4+ Kg5 72. Rc8 f5 73. Rc2 f4 74. Rd2 Kh4 75.
Rb2 Rh3 76. Rb8 f3+ 77. Kf2 Rh2+ 78. Kg1 Kg3 79. Rb1 f2+ 0-1

[Event "*** Titled Tuesday 3|2 Blitz"]
[Site "Chess.com"]
[Date "2017.06.06"]
[Round "10"]
[White "Zufi1811"]
[Black "ChessQueen"]
[Result "1/2-1/2"]
[WhiteElo "2359"]
[BlackElo "2504"]
[TimeControl "180+2"]
[EndTime "16:07:27 PDT"]
[Termination "Game drawn by repetition"]

1. e4 c5 2. Nf3 Nc6 3. Bb5 g6 4.
O-O Bg7 5. Bxc6 bxc6 6. Re1 Nf6 7.
h3 O-O 8. e5 Nd5 9. c4 Nb6 10.
d4 cxd4 11. Qxd4 d6 12. Qh4 dxe5 13. Bh6 f6 14. Bxg7 Kxg7 15. Nc3 Be6 16. Rad1 Qc8 17.
b3 h6 18. Ne4 Bf5 19. Qg3 Bxe4 20. Rxe4 Qf5 21. Rde1 h5 22. Nh4 Qg5 23. Qc3 Nd7 24. Qb4 c5 25. Qb7 Rfd8 26. Nf3 Qf5 27. Nh4 Qe6 28.
R4e3 Rab8 29. Qxa7 Ra8 30. Qc7 g5 31. Nf3 Rdc8 32.
Qb7 Qc6 33. Qxc6 Rxc6 34. R3e2 Rd6 35. Rc2 Nf8 36. Nd2 Ne6 37. Ne4 Rda6 38. Nc3 Nd4 39. Rd2 e6 40. f3 h4 41. Kf2 Kg6 42. Rb1 Ra5 43. Rbb2 R8a7 44. Ne4 f5 45. Nc3 Kf6 46. a4 Rb7 47. Nb5 Rb6 48. b4 cxb4 49. Rxb4 Nc6 50. c5 Rb8 51. Rc4 Rba8 52. Rd6 Nd4 53. Nxd4 exd4 54.
Rdxd4 Rc8 55. c6 Ra6 56. c7 e5 57. Rd5 Ke6 58. Rdc5 Kd6 59. a5 Ra7 60. Rc6+ Kd5 61. R4c5+ Kd4 62. a6 Rxa6 63. Rxa6 Kxc5 64. Rf6 Rxc7 65.
Rxf5 Kd4 66. Rxg5 Rh7 67. Rg4+ Kd5 68. Re4 Rh6 69. Ra4 Rh8 70. Ke3 Rg8 71. Ra5+ Ke6 72. Ra2 Kf5 73. Ra4 Rxg2 74. Rxh4 Ra2 75. Rh5+ Kf6 76. h4 Rh2 77. Rh8 Kg7 78. Re8 Rxh4 79. Rxe5 Ra4 80. f4 Kf6 81. Kf3 Ra1 82. Rb5 Rf1+ 83.
Ke3 Re1+ 84. Kf2 Rc1 85. Rb3 Rd1 86. Kf3 Rf1+ 87. Ke3 Re1+ 88. Kf3 Rf1+ 89. Ke3 Re1+ 90. Kf3 Rf1+ 1/2-1/2